 Dungeon Crawl Stone Soup version 0.21.1-1-g345015f (webtiles) character file.

33 Kairos the Charmwright (level 3, 27/27 HPs)
             Began as a Demonspawn Skald on Mar 25, 2018.
             Got out of the dungeon alive.
             The game lasted 00:02:10 (1399 turns).

Kairos the Charmwright (Demonspawn Skald)           Turns: 1399, Time: 00:02:12

Health: 27/27      AC:  3    Str: 12    XL:     3   Next: 12%
Magic:  6/6        EV: 12    Int: 14    God:
Gold:   48         SH:  0    Dex: 12    Spells: 5/6 levels left

rFire    . . .     SeeInvis .   a - +0 mace
rCold    . . .     Gourm    .   (no shield)
rNeg     . . .     Faith    .   b - +0 leather armour
rPois    .         Spirit   +   (no helmet)
rElec    .         Reflect  .   (no cloak)
rCorr    .         Harm     .   (no gloves)
MR       +....                  (no boots)
Stlth    +.........             (no amulet)
HPRegen  0.09/turn              h - ring of protection from magic
MPRegen  0.10/turn              (no ring)

@: very slightly contaminated
A: claws 1, magic shield
a: no special abilities


You escaped.
You were hungry.

You visited 1 branch of the dungeon, and saw 1 of its levels.

You collected 48 gold pieces.

Inventory:

Hand Weapons
 a - a +0 mace (weapon)
Armour
 b - a +0 leather armour (worn)
Jewellery
 h - a ring of protection from magic (left claw)
Potions
 f - a potion of lignification {unknown}
Books
 c - a book of Battle

   Spells                             Type                      Level
   a - Infusion                       Charms                       1
   b - Shroud of Golubria             Charms/Translocation         2
   c - Song of Slaying                Charms                       2
   d - Spectral Weapon                Hexes/Charms                 3
   e - Regeneration                   Charms/Necromancy            3
Comestibles
 d - 3 rations


   Skills:
 + Level 2.2 Fighting
 + Level 2.2 Maces & Flails
 + Level 1.0 Armour
 + Level 2.1 Dodging
 + Level 2.2 Spellcasting
 + Level 2.9 Charms


You had 5 spell levels left.
You knew the following spells:

 Your Spells              Type           Power        Failure   Level  Hunger
a - Infusion              Chrm           #...         9%          1    #......


Dungeon Overview and Level Annotations

Branches:
Dungeon (1/15)

Altars:


Innate Abilities, Weirdness & Mutations

You have sharp fingernails.
When hurt, damage is shared between your health and your magic reserves.


Message History

No target in view!
Key pressed, stopping explore.
All of the chunks of flesh in your inventory have rotted away.
There is an open door here.
You are feeling hungry.
Done exploring.
Done exploring.
Done exploring.
Blink to where?
Press: ? - help, Dir - move target cursor You are very lightly contaminated with residual magic.
As you read the scroll labeled LIAGUN ME TOKI, it crumbles to dust.
It was a scroll of blinking.
Press: ? - help, . - travel You can't see that place. [a staircase leading out of the dungeon.]
There is a stone staircase leading down here.
There is a staircase leading out of the dungeon here.
Are you sure you want to leave the Dungeon?
This will make you lose the game!
You have escaped! #.### #.# ♣♣♣♣♣♣♣♣♣ #.#### ♣.......♣ .....## ♣.PPPPP.♣

......# ♣.P≈≈≈P.♣ ......#
##♣.P≈8≈P.♣ ...>..#
#...P≈≈≈P.♣ ......#
#.♣♣PPPPP.♣
......########.♣@......♣
...............♣♣♣♣♣♣♣♣♣####
..........#.#### #......#
..........#....# #.###.##
..........####.# #.# #.#
.............#.# #.# #.#
##)#+#....##.#.# #.# #.#
##.#..#...##.#.######.# #.#
#######...##.#.#......# #.#


There were no monsters in sight!

Vanquished Creatures
  An ooze (D:1)
  A dart slug (D:1)
  3 leopard geckos (D:1)
  4 bats (D:1)
  3 hobgoblins (D:1)
  3 jackals (D:1)
  2 frilled lizards (D:1)
  3 goblins (D:1)
  A kobold (D:1)
  2 rats (D:1)
23 creatures vanquished.

Notes
Turn   | Place    | Note
-------+----------+-------------------------------------------
     0 | D:1      | Kairos the Demonspawn Skald began the quest for the Orb.
     0 | D:1      | Reached XP level 1. HP: 16/16 MP: 3/3
   373 | D:1      | Gained mutation: When hurt, damage is shared between your health and your magic reserves. [demonic ancestry]
   373 | D:1      | Reached XP level 2. HP: 22/22 MP: 5/5
   421 | D:1      | Reached skill level 1 in Armour
  1033 | D:1      | Gained mutation: You have sharp fingernails. [demonic ancestry]
  1033 | D:1      | Reached XP level 3. HP: 16/27 MP: 6/6
  1399 | D:$      | Got out of the dungeon alive.

Skill      XL: |  1  2 |
---------------+-------+-----
Dodging        | 2 |  2.1
Armour         | 1 |  1.0
Maces & Flails | 2 |  2.2
Fighting       | |  2.2
Spellcasting   | |  2.2
Charms         | |  2.9

Action                   || total
-------------------------++-------
Melee: Mace              ||    76
 Cast: Infusion          ||     2
  Use: Scroll            ||     1
  Eat: Chunk             ||     1
Armor: Leather armour    ||    30
Dodge: Dodged            ||    74
